 Dungeon Crawl Stone Soup version 0.31-a0-185-g9dded2c639 (webtiles) character file.

Game seed: 17195822665546900340

126 qw the Skirmisher (level 4, 0/25 HPs)
             Began as a Deep Elf Hunter on June 22, 2023.
             Succumbed to Sigmund's poison
             ... on level 3 of the Dungeon.
             The game lasted 00:00:46 (1854 turns).

qw the Skirmisher (Deep Elf Hunter)                 Turns: 1854, Time: 00:00:47

Health: 0/25       AC: 11    Str: 10    XL:     4   Next: 84%
Magic:  6/6        EV: 16    Int: 14    God:
Gold:   177        SH:  0    Dex: 18    Spells: 3/3 levels left

rFire   . . .        Y - +0 shortbow
rCold   . . .        (shield currently unavailable)
rNeg    . . .        h - +2 ring mail {rPois}
rPois   +            a - +0 helmet
rElec   .            e - +0 cloak
rCorr   .            f - +0 pair of gloves
SInv    .            g - +0 pair of boots
Will    .....        (no amulet)
Stlth   +            c - +5 ring of evasion
HPRegen 0.24/turn    (no ring)
MPRegen 0.10/turn

%: no passive effects
@: lethally poisoned (0 -> -1)
A: no striking features
a: no special abilities


You were on level 3 of the Dungeon.
You visited 1 branch of the dungeon, and saw 3 of its levels.

You collected 177 gold pieces.


   Skills:
 - Level 1.5 Fighting
 - Level 8.0 Ranged Weapons
 + Level 0.9 Armour
 - Level 2.4 Dodging
 - Level 1.2 Stealth


You had 3 spell levels left.
You didn't know any spells.
Your spell library was empty.

Inventory:

Hand Weapons
 Y - a +0 shortbow (weapon)
Armour
 a - a +0 helmet (worn)
 e - a +0 cloak (worn)
 f - a +0 pair of gloves (worn)
 g - a +0 pair of boots (worn)
 h - a +2 ring mail of poison resistance (worn)
Jewellery
 c - a +5 ring of evasion (left hand)
Scrolls
 i - a scroll of identify {unknown}
 k - a scroll of immolation {unknown}
Potions
 b - a potion of heal wounds {unknown}
 d - a potion of mutation {unknown}
 j - 2 potions of magic {unknown}

Dungeon Overview and Level Annotations

Branches:
Dungeon (3/15)

Altars:

Shops:
D:3 ((

Annotations:
D:3 Jessica


Message History

You shoot an arrow. The arrow hits Sigmund.
Sigmund is heavily wounded.
Sigmund misses you.
You shoot an arrow. The arrow barely misses Sigmund.
Sigmund gestures wildly while chanting.
Sigmund flickers and vanishes!
Deactivating autopickup; reactivate with Ctrl-A.
You shoot an arrow. Something hits you.
You shoot an arrow. Something hits you but does no damage.
You shoot an arrow. Something barely misses you.
You shoot an arrow. You shoot an arrow. Something barely misses you.
You shoot an arrow. Something hits you.
You are lethally poisoned!
You shoot an arrow.
You feel very sick.
You shoot an arrow.
You feel sick. Something barely misses you.
You shoot an arrow.
You feel sick. Something barely misses you.
You shoot an arrow.
You feel sick. Something barely misses you.
You shoot an arrow.
You feel sick.
You hear some strange, mumbled words.
A puff of flame appears from out of thin air!
The puff of flame misses you.
You shoot an arrow.
You feel sick. Something barely misses you.
You shoot an arrow.
You feel sick.
You shoot an arrow.
Reactivating autopickup.
You feel a bit more experienced.
You die...

#........#....#
###.
#...\....###.##
#.
#.)..........#
#.
##.....#.##..#
#####.
##...##.....#
#...<.
#####........#
#.##.#
............#/#
#..
............#
#...
...........@#
......#
!..###.....?#
.....#.# ...
#......).@...>
...###.# ..
##.########...
... #.# #.# ..
#.# #. #. #.


There were no monsters in sight!

Vanquished Creatures
  Sigmund (D:3)
  Robin (D:2)
  3 adders
  3 dart slugs
  2 orcs (D:3)
  An endoplasm (D:2)
  A giant cockroach (D:2)
  11 goblins (D:2)
  12 hobgoblins
  10 jackals
  7 kobolds
  5 quokkas (D:1)
  2 ball pythons
  7 bats
  2 frilled lizards
  6 rats
74 creatures vanquished.

Notes
Turn   | Place    | Note
-------+----------+-------------------------------------------
     0 | D:1      | qw the Deep Elf Hunter began the quest for the Orb.
     0 | D:1      | Reached XP level 1. HP: 12/12 MP: 3/3
     0 | D:1      | 0 ||| qw: Version: 0.3-a-9-g12657ce
     0 | D:1      | 0 ||| qw: Game counter: 1684
     0 | D:1      | 0 ||| qw: Always use a shield: true
     0 | D:1      | 0 ||| qw: God list: Okawaru
     0 | D:1      | 0 ||| qw: Allow faded altars: false
     0 | D:1      | 0 ||| qw: Do Orc after D:15 true
     0 | D:1      | 0 ||| qw: Do second Lair branch before Depths: true
     0 | D:1      | 0 ||| qw: Lair rune preference: random
     0 | D:1      | 0 ||| qw: Plans: Normal
     0 | D:1      | 0 ||| PLANNING D:1-11
   142 | D:1      | Reached XP level 2. HP: 16/16 MP: 4/4
   153 | D:1      | Reached skill level 6 in Ranged Weapons
   290 | D:1      | 290 ||| Stepping ~*~*~tactically~*~*~ (outnumbered).
   707 | D:1      | Reached XP level 3. HP: 20/20 MP: 5/5
   824 | D:1      | 824 ||| UPGRADING to +0 cloak.
   829 | D:1      | 829 ||| UPGRADING to +0 pair of boots.
   834 | D:1      | 834 ||| UPGRADING to +2 ring mail of poison resistance.
   844 | D:1      | 844 ||| DROPPING +0 leather armour.
   845 | D:1      | 845 ||| READING scroll labelled KAOSIFIOTO.
   884 | D:1      | 884 ||| READING scroll labelled PIPUFIM OTWI.
   885 | D:1      | 885 ||| DROPPING scroll of butterflies.
  1023 | D:2      | Reached skill level 7 in Ranged Weapons
  1024 | D:2      | Noticed Robin
  1043 | D:2      | Killed Robin
  1049 | D:2      | Reached XP level 4. HP: 18/25 MP: 6/6
  1059 | D:2      | 1059 ||| FLEEEEING.
  1062 | D:2      | 1062 ||| FLEEEEING.
  1063 | D:2      | 1063 ||| FLEEEEING.
  1064 | D:2      | 1064 ||| FLEEEEING.
  1065 | D:2      | 1065 ||| FLEEEEING.
  1066 | D:2      | 1066 ||| FLEEEEING.
  1067 | D:2      | 1067 ||| FLEEEEING.
  1363 | D:2      | Reached skill level 8 in Ranged Weapons
  1676 | D:2      | 1676 ||| UPGRADING to +0 helmet.
  1681 | D:2      | 1681 ||| UPGRADING to +0 pair of gloves.
  1686 | D:2      | 1686 ||| UPGRADING to +5 ring of evasion.
  1784 | D:3      | Found Meaf Wae's Antique Weapon Boutique.
  1791 | D:3      | Found Ihegodeg's Weapon Boutique.
  1822 | D:3      | Noticed Jessica
  1830 | D:3      | Noticed Sigmund
  1835 | D:3      | 1835 ||| Stepping ~*~*~tactically~*~*~ (outnumbered).
  1837 | D:3      | 1837 ||| Stepping ~*~*~tactically~*~*~ (outnumbered).
  1849 | D:3      | HP: 5/25 [poisoned by Sigmund]
  1851 | D:3      | HP: 2/25 [poisoned by Sigmund]
  1854 | D:3      | Killed Sigmund
  1854 | D:3      | Succumbed to Sigmund's poison

Levels and vault maps discovered:
D:1:      minmay_arrival_split_and_join, layout_loops_ring
D:2:      layout_loops_ring, uniq_robin
D:3:      layout_basic, serial_shops, nicolae_shop_bloodbath_and_beyond, shop,
          nicolae_shop_industrial_runoff, nicolae_shop_rolled_up, shop,
          minivault_11, uniq_jessica, uniq_sigmund

Skill      XL: |  1  2  3  4 |
---------------+-------------+-----
Ranged Weapons | 6 7 8 |  8.0
Fighting       | |  1.5
Armour         | |  0.9
Dodging        | |  2.4
Stealth        | |  1.2

Action                     |  1- 3 |  4- 6 || total
---------------------------+-------+-------++-------
   Fire: Shortbow          |   108 |    88 ||   196
    Use: Scroll            |     2 |       ||     2
 Armour: Leather armour    |     6 |       ||     6
         Ring mail         |    20 |    10 ||    30
  Dodge: Dodged            |    53 |    32 ||    85

Table legend:
 A = Non-vault XP
 B = Vault XP
 C = Vault XP percentage of total XP
 D = Non-vault monster count
 E = Vault monster count
 F = Vault count percentage of total count
                 A         B        C        D         E       F
            +---------+---------+-------+---------+---------+-------
      Total |     142 |     278 |  66.2 |      60 |      14 |  18.9
            +---------+---------+-------+---------+---------+-------
        D:1 |      52 |       0 |   0.0 |      30 |       0 |   0.0
        D:2 |      63 |      39 |  38.2 |      22 |      13 |  37.1
        D:3 |      27 |     239 |  89.8 |       8 |       1 |  11.1
            +---------+---------+-------+---------+---------+-------
